[Event "EDAMI"]
[Site "Internet Chess Club"]
[Date "2020.03.21"]
[Round "5"]
[White "Marc12"]
[Black "Mateuchess"]
[Result "1-0"]
[ICCResult "Black checkmated"]
[WhiteElo "1449"]
[BlackElo "1402"]
[Opening "Sicilian: dragon, 6.Be3"]
[ECO "B72"]
[NIC "SI.16"]
[Time "14:13:54"]
[TimeControl "300+3"]

1. e4 c5 2. Nf3 d6 3. Nc3 Nf6 4. d4 cxd4 5. Nxd4 g6 6. Be3 Bg7 7. Bc4 O-O 8.
Bb3 Nc6 9. f4 Bd7 10. Nf3 Na5 11. e5 Nxb3 12. exf6 Bxf6 13. axb3 Be6 14. Nd4
Bd7 15. O-O a6 16. Nf3 Rc8 17. Bd4 Bg7 18. Bxg7 Kxg7 19. Qd2 Qb6+ 20. Qd4+
Qxd4+ 21. Nxd4 Rc7 22. Nd5 Rc5 23. Nc3 Bf5 24. Nxf5+ Rxf5 25. Ra4 Rc8 26.
Rb4 b5 27. Rd4 Rb8 28. Nd5 e6 29. Nc3 b4 30. Na2 a5 31. Rxd6 Rc8 32. Rd2
Rfc5 33. c4 bxc3 34. bxc3 Rb8 35. b4 axb4 36. cxb4 Rcb5 37. g3 Ra8 38. Rb1
Rb7 39. b5 Rba7 40. Nc3 Kf8 41. b6 Rb7 42. Rd6 Ke7 43. Rc6 Kd7 44. Rc4 Rab8
45. Na4 Kd6 46. Rcc1 Ra8 47. Rb4 Rab8 48. Kf2 Kd5 49. Kf3 e5 50. fxe5 Kxe5
51. Ke2 Kf5 52. h3 Ke5 53. Kf2 f5 54. Kf3 h5 55. Rc7 Rxc7 56. bxc7 Rxb4 57.
c8=Q Rb3+ 58. Nc3 Kf6 59. Qc6+ Ke5 60. Qc5+ Kf6 61. Qd6+ Kg5 62. h4+ Kh6 63.
Qf8+ Kh7 64. Qf7+ Kh6 65. Qxb3 Kh7 66. Nb5 Kh6 67. Nd6 g5 68. Qe6+ Kg7 69.
Ne8+ Kf8 70. hxg5 h4 71. g6 h3 72. g7# {Black checkmated} 1-0

[Event "EDAMI"]
[Site "Internet Chess Club"]
[Date "2020.03.21"]
[Round "6"]
[White "Umbra"]
[Black "AnithingElse"]
[Result "0-1"]
[ICCResult "White checkmated"]
[WhiteElo "1493"]
[BlackElo "1495"]
[Opening "King's pawn game"]
[ECO "C50"]
[NIC "IG.03"]
[Time "14:33:22"]
[TimeControl "300+3"]

1. e4 e5 2. Nf3 Nc6 3. Bc4 d6 4. h3 Be7 5. Nc3 Nf6 6. d3 O-O 7. O-O Be6 8.
Bb3 Nd4 9. Nh2 Bxb3 10. axb3 c6 11. f4 Nd7 12. f5 Bh4 13. Ne2 Nxe2+ 14. Qxe2
d5 15. Qh5 Be7 16. Qg4 Bc5+ 17. Kh1 Nf6 18. Qh4 Nxe4 19. Qxd8 Ng3#
{White checkmated}
0-1

[Event "EDAMI"]
[Site "Internet Chess Club"]
[Date "2020.03.21"]
[Round "6"]
[White "tomasgarrido"]
[Black "chessmasternico"]
[Result "1-0"]
[ICCResult "Black checkmated"]
[WhiteElo "1301"]
[BlackElo "1196"]
[Opening "Queen's pawn game"]
[ECO "D00"]
[NIC "QP.08"]
[Time "14:33:25"]
[TimeControl "300+3"]

1. d4 d5 2. e3 b6 3. Nf3 Nc6 4. Nc3 Nf6 5. Bb5 a6 6. Bxc6+ Bd7 7. Bxa8 Bc8
8. Bc6+ Bd7 9. Bxd7+ Qxd7 10. Ne5 Qf5 11. O-O Ne4 12. Nxe4 dxe4 13. f3 Qe6
14. Qe2 f6 15. Qxa6 fxe5 16. Qa8+ Kf7 17. fxe4+ Kg8 18. Qxf8# {Black
checkmated} 1-0

[Event "EDAMI"]
[Site "Internet Chess Club"]
[Date "2020.03.21"]
[Round "6"]
[White "Alberto555"]
[Black "pgranadap"]
[Result "0-1"]
[ICCResult "White checkmated"]
[WhiteElo "1327"]
[BlackElo "1434"]
[Opening "Petrov's defense"]
[ECO "C42"]
[NIC "RG.01"]
[Time "14:33:24"]
[TimeControl "300+3"]

1. e4 e5 2. Nf3 Nf6 3. d3 Nc6 4. Be3 d5 5. exd5 Nxd5 6. Nbd2 Nxe3 7. fxe3
Be7 8. d4 e4 9. Nxe4 O-O 10. Bd3 Bh4+ 11. Nxh4 Qxh4+ 12. g3 Qh3 13. Qe2 Bg4
14. Ng5 Qh5 15. Qf2 Qxg5 16. Be2 Bxe2 17. Qxe2 Nxd4 18. Qd2 Nf3+ 19. Kd1
Nxd2 20. Kxd2 Rfd8+ 21. Ke2 Rd7 22. Rad1 Rad8 23. Rdf1 Qb5+ 24. Kf3 Qxb2 25.
e4 Rd2 26. e5 Qxc2 27. e6 Qd3+ 28. Kg4 Rd4+ 29. Kh3 fxe6 30. a4 Qe4 31. Rf4
Qxh1 32. Rxd4 Qxh2+ 33. Kg4 h5+ 34. Kf3 Rxd4 35. a5 Rg4 36. a6 Qxg3+ 37. Ke2
Ra4 38. axb7 Ra2+ 39. Kf1 Qf2# {White checkmated} 0-1

[Event "EDAMI"]
[Site "Internet Chess Club"]
[Date "2020.03.21"]
[Round "6"]
[White "FERNANDOA9"]
[Black "semaqui08"]
[Result "0-1"]
[ICCResult "White checkmated"]
[WhiteElo "1200"]
[BlackElo "1383"]
[Opening "Petrov three knights game"]
[ECO "C42"]
[NIC "RG.01"]
[Time "14:33:39"]
[TimeControl "300+3"]

1. e4 e5 2. Nf3 Nf6 3. Nc3 Bb4 4. Bc4 Nc6 5. O-O O-O 6. d3 Bxc3 7. bxc3 h6
8. Qd2 d6 9. Ba3 Bg4 10. Nh4 Nh5 11. Rab1 Qxh4 12. h3 Be6 13. Rfe1 Bxc4 14.
dxc4 Nf4 15. Rxb7 Qg5 16. g3 Nxh3+ 17. Kg2 Qxd2 18. Rh1 Nxf2 19. Rbb1 Nxh1+
20. Kxh1 Rab8 21. Rc1 Qxc1+ 22. Bxc1 Rb1 23. Kg2 Rxc1 24. Kf2 Rxc2+ 25. Ke3
Rxc3+ 26. Kd2 Rxg3 27. Ke2 Rb8 28. Kf2 Ra3 29. Ke1 Rxa2 30. Kd1 Rb1#
{White checkmated}
0-1

[Event "EDAMI"]
[Site "Internet Chess Club"]
[Date "2020.03.21"]
[Round "6"]
[White "raxali"]
[Black "Eodun"]
[Result "1-0"]
[ICCResult "Black checkmated"]
[WhiteElo "1232"]
[BlackElo "1073"]
[Opening "Vienna game"]
[ECO "C25"]
[NIC "VG.04"]
[Time "14:33:28"]
[TimeControl "300+3"]

1. e4 e5 2. Nc3 f6 3. Nf3 g5 4. d4 d6 5. dxe5 c5 6. exf6 b6 7. f7+ Kxf7 8.
Nxg5+ Ke8 9. Nd5 Be7 10. Ne6 Bh4 11. Nxd8 Bxd8 12. b4 b5 13. bxc5 Ba5+ 14.
Bd2 Bxd2+ 15. Qxd2 dxc5 16. a3 Be6 17. Nf4 Bf5 18. Nd3 Nf6 19. Nxc5 Nxe4 20.
Qe2 Rf8 21. Nxe4 Rf7 22. g3 Rg7 23. h3 Rg6 24. g4 Rh6 25. gxf5 Rxh3 26. Rxh3
Nc6 27. Rxh7 Rd8 28. Qg4 b4 29. Qg8# {Black checkmated} 1-0

[Event "EDAMI"]
[Site "Internet Chess Club"]
[Date "2020.03.21"]
[Round "6"]
[White "Luar10"]
[Black "Marc12"]
[Result "1-0"]
[ICCResult "Black checkmated"]
[WhiteElo "1541"]
[BlackElo "1416"]
[Opening "Evans gambit: 5...Be7"]
[ECO "C51"]
[NIC "IG.05"]
[Time "14:35:35"]
[TimeControl "300+3"]

1. e4 e5 2. Nf3 Nc6 3. Bc4 Bc5 4. b4 Bxb4 5. c3 Be7 6. d4 exd4 7. O-O dxc3
8. Qb3 Na5 9. Bxf7+ Kf8 10. Qxc3 Kxf7 11. Qxa5 d6 12. Ng5+ Bxg5 13. Bxg5
Qxg5 14. Qxg5 Nf6 15. Nc3 h6 16. Qe3 Be6 17. f4 Rhe8 18. e5 dxe5 19. fxe5
Bd7 20. Qd4 Rad8 21. exf6 Bb5 22. fxg7+ Bxf1 23. Rxf1+ Kg8 24. Qf6 h5 25.
Qf7+ Kh7 26. g8=Q+ Kh6 27. Rf6# {Black checkmated} 1-0

[Event "EDAMI"]
[Site "Internet Chess Club"]
[Date "2020.03.21"]
[Round "6"]
[White "Eodun2"]
[Black "GGEstruch"]
[Result "1-0"]
[ICCResult "Black checkmated"]
[WhiteElo "1243"]
[BlackElo "1133"]
[Opening "Four knights game"]
[ECO "C47"]
[NIC "KP.06"]
[Time "14:33:25"]
[TimeControl "300+3"]

1. e4 e5 2. Nf3 Nc6 3. Nc3 Nf6 4. d3 Bb4 5. Qd2 d6 6. a3 Ba5 7. b4 Bb6 8.
Nb5 O-O 9. d4 exd4 10. Nbxd4 Nxd4 11. Nxd4 Bxd4 12. Qxd4 c5 13. Qc4 cxb4 14.
axb4 d5 15. Qb3 Nxe4 16. c4 dxc4 17. Bxc4 Be6 18. f3 Nd6 19. Bxe6 fxe6 20.
Qxe6+ Rf7 21. O-O Nf5 22. Bb2 Nd4 23. Qc4 Nc6 24. Rfe1 Qb6+ 25. Kf1 Na5 26.
Qg4 Nc6 27. Bc3 Rff8 28. Qxg7# {Black checkmated} 1-0

[Event "EDAMI"]
[Site "Internet Chess Club"]
[Date "2020.03.21"]
[Round "6"]
[White "Arriazu96"]
[Black "ramonramon2006"]
[Result "1/2-1/2"]
[ICCResult "Game drawn by mutual agreement"]
[WhiteElo "1206"]
[BlackElo "1250"]
[Opening "Scotch: Schmidt variation"]
[ECO "C45"]
[NIC "SO.04"]
[Time "14:33:22"]
[TimeControl "300+3"]

1. e4 e5 2. Nf3 Nc6 3. d4 exd4 4. Nxd4 Nf6 5. Nc3 Bc5 6. Nxc6 dxc6 7. Qe2
O-O 8. Be3 Bxe3 9. Qxe3 Re8 10. Bd3 Nd5 11. Qd2 Bf5 12. f3 Nxc3 13. Qxc3 Qd6
14. O-O-O Be6 15. Bc4 Qe7 16. Rhf1 Bxc4 17. Qxc4 Rad8 18. g3 Qf6 19. f4
Rxd1+ 20. Rxd1 Qe6 21. Qxe6 Rxe6 22. e5 Re8 23. g4 g6 24. Rd7 Rc8 25. f5 Kf8
26. e6 fxe6 27. fxe6 Re8 {Game drawn by mutual agreement} 1/2-1/2

[Event "EDAMI"]
[Site "Internet Chess Club"]
[Date "2020.03.21"]
[Round "6"]
[White "David2020"]
[Black "xabi"]
[Result "0-1"]
[ICCResult "White resigns"]
[WhiteElo "1255"]
[BlackElo "1351"]
[Opening "Ruy Lopez: Caro variation"]
[ECO "C70"]
[NIC "RL.09"]
[Time "14:33:28"]
[TimeControl "300+3"]

1. e4 e5 2. Nf3 Nc6 3. Bb5 a6 4. Ba4 b5 5. Bb3 Nf6 6. Nc3 Bb4 7. O-O O-O 8.
d3 Bxc3 9. bxc3 d5 10. Bg5 dxe4 11. Bxf6 Qxf6 12. dxe4 Be6 13. Rc1 Rad8 14.
Qe2 Bxb3 15. cxb3 Rfe8 16. Nd2 b4 17. c4 Nd4 18. Qe1 a5 19. Rd1 c5 20. Qe3
Qg6 21. f3 Nc2 22. Qxc5 Qg5 23. Qf2 Ne3 24. h4 Qh6 25. g4 Nxf1 26. Rxf1 Rxd2
27. Qg3 Qe3+ 28. Kh1 Qe2 29. Rg1 Red8 30. Qxe5 Rd1 31. Qg3 Rxg1+ 32. Qxg1
Rd1 33. Qxd1 Qxd1+ 34. Kh2 Qd2+ {White resigns} 0-1

[Event "EDAMI"]
[Site "Internet Chess Club"]
[Date "2020.03.21"]
[Round "6"]
[White "Alexelnub"]
[Black "Juanmaromero"]
[Result "0-1"]
[ICCResult "White checkmated"]
[WhiteElo "1049"]
[BlackElo "1237"]
[Opening "Queen's pawn: Chigorin variation"]
[ECO "D00"]
[NIC "QP.08"]
[Time "14:33:21"]
[TimeControl "300+3"]

1. d4 d5 2. Nc3 Nf6 3. f3 e5 4. e4 Nc6 5. exd5 Nxd5 6. Nxd5 Qxd5 7. b3 e4 8.
fxe4 Qxe4+ 9. Kd2 Nxd4 10. c3 Bb4 11. cxb4 O-O 12. Bb2 Ne2 13. Bxe2 Qxg2 14.
Nh3 Rd8+ 15. Kc1 Rxd1+ 16. Bxd1 Qxh1 17. Nf2 Qxh2 18. Nd3 Bf5 19. Ne1 f6 20.
Nf3 Qf4+ 21. Nd2 Rd8 22. Be2 Qxd2# {White checkmated} 0-1

[Event "EDAMI"]
[Site "Internet Chess Club"]
[Date "2020.03.21"]
[Round "6"]
[White "JotaAlvarez"]
[Black "BielPipo"]
[Result "1-0"]
[ICCResult "Black checkmated"]
[WhiteElo "1359"]
[BlackElo "1081"]
[Opening "Two knights defense (Modern bishop's opening)"]
[ECO "C55"]
[NIC "IG.01"]
[Time "14:34:55"]
[TimeControl "300+3"]

1. e4 e5 2. Nf3 Nc6 3. Bc4 Nf6 4. d3 a6 5. c3 b5 6. Bb3 a5 7. a4 g6 8. axb5
Nb8 9. Nxe5 Qe7 10. Nxf7 Rg8 11. Bf4 d5 12. Ne5 h6 13. O-O g5 14. Bg3 h5 15.
Nc6 Nxc6 16. exd5 Nd8 17. Re1 Ne6 18. dxe6 h4 19. Be5 Rg6 20. Bxf6 Rxf6 21.
Qh5+ Kd8 22. Qxg5 Qf7 23. exf7 Be7 24. f8=Q+ Rxf8 25. Qxe7# {Black
checkmated} 1-0

[Event "EDAMI"]
[Site "Internet Chess Club"]
[Date "2020.03.21"]
[Round "6"]
[White "Danielosky"]
[Black "LucasCh"]
[Result "1-0"]
[ICCResult "Black checkmated"]
[WhiteElo "1079"]
[BlackElo "1187"]
[Opening "King's pawn game"]
[ECO "C44"]
[NIC "KP.07"]
[Time "14:37:51"]
[TimeControl "300+3"]

1. e4 e5 2. Nf3 Nc6 3. d3 Nf6 4. Bg5 h6 5. Bxf6 gxf6 6. Nc3 Bd6 7. Qe2 O-O
8. O-O-O f5 9. exf5 b5 10. Nd5 Ba6 11. Qe4 b4 12. Qg4+ Kh7 13. f6 Na5 14.
Qf5+ Kg8 15. Qg4+ Kh7 16. Qg7# {Black checkmated} 1-0

[Event "EDAMI"]
[Site "Internet Chess Club"]
[Date "2020.03.21"]
[Round "6"]
[White "Mark888"]
[Black "JorgeyLucia"]
[Result "0-1"]
[ICCResult "White checkmated"]
[WhiteElo "1191"]
[BlackElo "1408"]
[Opening "Van't Kruijs opening"]
[ECO "A00"]
[Time "14:33:45"]
[TimeControl "300+3"]

1. e3 e5 2. Qh5 Nc6 3. Bc4 Qf6 4. Bxf7+ Qxf7 5. Qxf7+ Kxf7 6. Nf3 Bc5 7. b4
Bxb4 8. c3 Bc5 9. d4 exd4 10. cxd4 Bb4+ 11. Nfd2 Nf6 12. Ba3 Bxa3 13. Nxa3
d6 14. O-O Bd7 15. Nac4 Rhf8 16. e4 Nxd4 17. Rad1 Ne2+ 18. Kh1 Kg8 19. e5 d5
20. exf6 dxc4 21. Rde1 c3 22. Rxe2 cxd2 23. Rxd2 Bc6 24. Rd3 Rxf6 25. Rd4
Raf8 26. Rfd1 Rxf2 27. Rg1 Rxa2 28. Rd2 Rxd2 29. Re1 Rdf2 30. Rg1 Rf1 31.
Rxf1 Bf3 32. gxf3 c5 33. Rc1 b6 34. h4 Rxf3 35. Kg2 Ra3 36. Re1 Kf7 37. Rd1
a5 38. Rd7+ Kg6 39. Rb7 Ra2+ 40. Kf1 Rb2 41. Ke1 b5 42. Rb6+ Kh5 43. Rc6 c4
44. Kd1 Kxh4 45. Kc1 Rb3 46. Kc2 a4 47. Rc5 g5 48. Kd1 h5 49. Ke2 g4 50. Rd5
a3 51. Rd2 Rb2 52. Rxb2 axb2 53. Kd1 b1=Q+ 54. Ke2 Qb3 55. Kf2 Qf3+ 56. Ke1
Qg2 57. Kd1 Qf2 58. Kc1 g3 59. Kd1 g2 60. Kc1 g1=Q# {White checkmated} 0-1

[Event "EDAMI"]
[Site "Internet Chess Club"]
[Date "2020.03.21"]
[Round "6"]
[White "Poleras123"]
[Black "didi08"]
[Result "1-0"]
[ICCResult "Black forfeits on time"]
[WhiteElo "1309"]
[BlackElo "1307"]
[Opening "Philidor's defense"]
[ECO "C41"]
[NIC "KP.10"]
[Time "14:33:25"]
[TimeControl "300+3"]

1. e4 e5 2. Nf3 d6 3. Nc3 Nc6 4. Bc4 Nf6 5. Ng5 Be6 6. Nxe6 fxe6 7. Bxe6 Qe7
8. Bf5 g6 9. Bg4 Bh6 10. O-O O-O 11. Nd5 Nxd5 12. exd5 Nd4 13. Be6+ Kg7 14.
Bg4 Rad8 15. c3 Nb5 16. Be6 Rf6 17. Qg4 Rf4 18. Qh4 Rxh4 19. d3 Bxc1 20.
Rfxc1 c6 21. dxc6 bxc6 22. Bh3 Rf8 23. Rc2 g5 24. Re2 g4 25. g3 Rxh3 26. c4
Nd4 27. Re4 Ne2+ 28. Rxe2 Qf7 29. Rf1 Qf3 30. Rfe1 Qg2+ 31. Kxg2
{Black forfeits on time}
1-0

[Event "EDAMI"]
[Site "Internet Chess Club"]
[Date "2020.03.21"]
[Round "6"]
[White "Hakrom"]
[Black "AlbertFernandez"]
[Result "1-0"]
[ICCResult "Black forfeits on time"]
[WhiteElo "1549"]
[BlackElo "1522"]
[Opening "English opening"]
[ECO "E61"]
[NIC "EO.64"]
[Time "14:33:21"]
[TimeControl "300+3"]

1. c4 Nf6 2. Nc3 g6 3. Nf3 Bg7 4. d4 O-O 5. h3 d6 6. Bf4 Nbd7 7. e3 c5 8.
Be2 b6 9. O-O Bb7 10. d5 a6 11. Rc1 Qc7 12. Bh2 Ne4 13. Nxe4 e5 14. Nc3 Bc8
15. e4 Bf6 16. Bg3 Bb7 17. Nh2 Bg5 18. f4 Bf6 19. Ng4 Bd8 20. f5 gxf5 21.
Rxf5 Nf6 22. Qe1 Nxg4 23. Bxg4 Be7 24. Bh4 b5 25. cxb5 axb5 26. Qg3
{Black forfeits on time}
1-0

[Event "EDAMI"]
[Site "Internet Chess Club"]
[Date "2020.03.21"]
[Round "6"]
[White "liveisgood"]
[Black "leonardogila"]
[Result "1-0"]
[ICCResult "Black checkmated"]
[WhiteElo "1225"]
[BlackElo "1257"]
[Opening "Owen defense"]
[ECO "B00"]
[NIC "VO.01"]
[Time "14:33:28"]
[TimeControl "300+3"]

1. e4 b6 2. Bb5 Bb7 3. d3 g6 4. Bg5 Bg7 5. Nc3 Nf6 6. Nf3 Nc6 7. O-O O-O 8.
Nd5 d6 9. Bxf6 exf6 10. Re1 Qd7 11. h3 Qe6 12. Nxc7 Qe7 13. Nxa8 Rxa8 14. c3
Qe6 15. d4 Bh6 16. d5 Qe5 17. dxc6 Bc8 18. Nxe5 Be6 19. Ng4 Bg7 20. c7 f5
21. Ne3 fxe4 22. Qxd6 Bf8 23. Rad1 Bxd6 24. Rxd6 Kg7 25. Rd8 Rxd8 26. cxd8=Q
Bxa2 27. Rd1 Bb3 28. Rd6 Ba2 29. Qf6+ Kf8 30. Rd8# {Black checkmated} 1-0

[Event "EDAMI"]
[Site "Internet Chess Club"]
[Date "2020.03.21"]
[Round "6"]
[White "Josep2012"]
[Black "ArnauGuasch"]
[Result "1-0"]
[ICCResult "Black forfeits on time"]
[WhiteElo "1270"]
[BlackElo "1189"]
[Opening "Three knights game"]
[ECO "C46"]
[NIC "KP.06"]
[Time "14:33:33"]
[TimeControl "300+3"]

1. e4 e5 2. Nf3 Nc6 3. Nc3 d6 4. Bc4 Be7 5. d3 Nf6 6. h3 Qd7 7. a3 b6 8. b3
Rb8 9. Bb2 b5 10. Bd5 Ng8 11. O-O a6 12. Bxc6 Qxc6 13. Nd5 Qb6 14. Nxe7 Kxe7
15. Qd2 Nf6 16. Qg5 Bd7 17. Qxg7 Rhf8 18. Qxh7 Nxh7 19. Nh4 Rg8 20. Kh1 d5
21. f3 Qc5 22. Bxe5 Qxc2 23. exd5 Rbc8 24. Rfc1 Qe2 25. Bxc7 Rxc7 26. Rxc7
Qd2 27. Rcc1 Qb2 28. Rab1 Qxb3 29. Rxb3 a5 30. Rbb1 Rg7 31. Re1+ Kd8 32. Re2
Be6 33. dxe6 fxe6 34. Rxb5 Rd7 35. Rxe6 Kc7 36. Rbe5 Nf8 37. Re7 Kd8 38.
Rxd7+ Nxd7 39. Rxa5 Kc7 40. Nf5 Kb6 41. Rd5 Kc6 42. Rd4 {Black forfeits on
time} 1-0

[Event "EDAMI"]
[Site "Internet Chess Club"]
[Date "2020.03.21"]
[Round "6"]
[White "AdriaPro"]
[Black "morgana1965"]
[Result "1-0"]
[ICCResult "Black resigns"]
[WhiteElo "1665"]
[BlackElo "1554"]
[Opening "Queen's pawn game, Darooha variation "]
[ECO "D02"]
[NIC "QP.08"]
[Time "14:33:23"]
[TimeControl "300+3"]

1. d4 d5 2. Nf3 Nf6 3. g3 e6 4. Bg2 c5 5. O-O Be7 6. c4 cxd4 7. Nxd4 O-O 8.
cxd5 Nxd5 9. a3 b6 10. Nc3 Bb7 11. Nxd5 Bxd5 12. e4 Bb7 13. Be3 Bc5 14. b4
Bxd4 15. Bxd4 Nc6 16. Bb2 Qxd1 17. Rfxd1 Rfd8 18. f4 Kf8 19. Kf2 g6 20. Bf6
Ne7 21. Rac1 Rxd1 22. Rxd1 Ke8 23. Rc1 Rc8 24. Rxc8+ Bxc8 25. Ke3 Bb7 26.
Bf1 Nc8 27. Bb5+ Kf8 28. Be5 Ke7 29. g4 Nd6 30. Bd3 f6 31. Bc3 Bc6 32. e5
Nb5 33. exf6+ Kf7 34. Bb2 Nd6 35. h4 h6 36. g5 hxg5 37. hxg5 Nf5+ 38. Kd2
Bd5 39. Be5 Bb7 40. Bb8 a6 41. Bc7 b5 42. Kc3 Bd5 43. Bxf5 exf5 44. Kd4 Ke6
45. Kc5 Bf3 46. Kb6 Be4 47. Kxa6 Bd5 48. Kxb5 Kd7 49. Kb6 Ba8 50. a4
{Black resigns}
1-0

[Event "EDAMI"]
[Site "Internet Chess Club"]
[Date "2020.03.21"]
[Round "6"]
[White "lucasmore"]
[Black "gatuski"]
[Result "0-1"]
[ICCResult "White checkmated"]
[WhiteElo "1187"]
[BlackElo "1506"]
[Opening "Queen's pawn game"]
[ECO "A45"]
[NIC "QP.07"]
[Time "14:35:04"]
[TimeControl "300+3"]

1. d4 Nf6 2. e3 g6 3. e4 Nxe4 4. f3 Nf6 5. Bc4 Bg7 6. f4 O-O 7. Qf3 d5 8.
Bb3 Bg4 9. Qg3 Nc6 10. h3 Bh5 11. Qc3 Ne4 12. Qe3 Bxd4 13. Qd3 Nf2 14. Qb5
Nxh1 15. g4 Bxg4 16. hxg4 Bxg1 17. Qf1 Nd4 18. Qxg1 Nf3+ 19. Ke2 Nxg1+ 20.
Kf1 Nf3 21. Kg2 Nd4 22. Kxh1 Qd6 23. Nc3 e5 24. Bxd5 exf4 25. Bd2 f3 26. Rf1
Qf6 27. Be3 Qh4+ 28. Kg1 f2+ 29. Kg2 Qxg4+ 30. Kxf2 Nxc2 31. Rg1 Qf5+ 32.
Kg2 Nxe3+ 33. Kh1 Qh5# {White checkmated} 0-1

[Event "EDAMI"]
[Site "Internet Chess Club"]
[Date "2020.03.21"]
[Round "7"]
[White "BielPipo"]
[Black "Alberto555"]
[Result "0-1"]
[ICCResult "White checkmated"]
[WhiteElo "1070"]
[BlackElo "1338"]
[Opening "Philidor's defense"]
[ECO "C41"]
[NIC "KP.10"]
[Time "14:50:39"]
[TimeControl "300+3"]

1. e4 e5 2. Nf3 d6 3. Nc3 Be6 4. a3 Nd7 5. d3 Ngf6 6. Bg5 Be7 7. d4 exd4 8.
Nxd4 c5 9. Nxe6 fxe6 10. Bxf6 Bxf6 11. Bb5 O-O 12. O-O Be5 13. g3 Bd4 14.
Ne2 Qf6 15. c3 Bxf2+ 16. Rxf2 Qxf2+ 17. Kh1 Ne5 18. Qd3 Nxd3 19. Rf1 Qxf1+
20. Ng1 Nf2# {White checkmated} 0-1

[Event "EDAMI"]
[Site "Internet Chess Club"]
[Date "2020.03.21"]
[Round "7"]
[White "ramonramon2006"]
[Black "Poleras123"]
[Result "1-0"]
[ICCResult "Black checkmated"]
[WhiteElo "1256"]
[BlackElo "1252"]
[Opening "English: four knights, kingside fianchetto"]
[ECO "A29"]
[NIC "EO.04"]
[Time "14:50:46"]
[TimeControl "300+3"]

1. c4 Nc6 2. Nf3 e5 3. Nc3 Nf6 4. g3 Bc5 5. Bg2 Ng4 6. O-O Bxf2+ 7. Rxf2
Nxf2 8. Kxf2 O-O 9. Kg1 Qe7 10. e3 d6 11. d4 exd4 12. exd4 Be6 13. d5 Nb4
14. dxe6 Qxe6 15. a3 Nc6 16. Qd3 Na5 17. Ng5 Qe7 18. b4 Nb3 19. Qxh7#
{Black checkmated}
1-0

[Event "EDAMI"]
[Site "Internet Chess Club"]
[Date "2020.03.21"]
[Round "7"]
[White "semaqui08"]
[Black "Mateuchess"]
[Result "1-0"]
[ICCResult "Black checkmated"]
[WhiteElo "1414"]
[BlackElo "1380"]
[Opening "Queen's bishop game"]
[ECO "D00"]
[NIC "QP.08"]
[Time "14:50:44"]
[TimeControl "300+3"]

1. d4 d5 2. Bf4 Nf6 3. Nf3 e6 4. e3 c5 5. c3 b6 6. Bb5+ Bd7 7. Bxd7+ Nbxd7
8. Qa4 Be7 9. Ne5 O-O 10. Nxd7 Qxd7 11. Qxd7 Nxd7 12. Nd2 Nf6 13. O-O Rfd8
14. a4 Bd6 15. Bxd6 Rxd6 16. a5 cxd4 17. exd4 bxa5 18. Rxa5 Rb6 19. b4 Rc8
20. Rc5 Rxc5 21. dxc5 Rc6 22. Ra1 a6 23. f3 Kf8 24. Nb3 Ke7 25. Na5 Rc8 26.
c6 Kd6 27. Rc1 Ne8 28. c4 d4 29. b5 Kc5 30. bxa6 Ra8 31. Ra1 Nc7 32. Kf2
Nxa6 33. Ke2 Nb4 34. Nb7+ Kxc6 35. Rxa8 Kxb7 36. Ra1 d3+ 37. Kd2 Kc6 38. Ra3
Kc5 39. Kc3 f5 40. Ra5+ Kb6 41. Kxb4 d2 42. Ra1 e5 43. Rd1 e4 44. Rxd2 exf3
45. gxf3 g5 46. Rg2 g4 47. fxg4 fxg4 48. Rxg4 h5 49. Rg6+ Kc7 50. h4 Kb7 51.
Kc5 Kc7 52. Rg7+ Kc8 53. Kd6 Kb8 54. Kc6 Ka8 55. Kb6 Kb8 56. Rg8#
{Black checkmated}
1-0

[Event "EDAMI"]
[Site "Internet Chess Club"]
[Date "2020.03.21"]
[Round "7"]
[White "JorgeyLucia"]
[Black "FERNANDOA9"]
[Result "1-0"]
[ICCResult "Black checkmated"]
[WhiteElo "1422"]
[BlackElo "1192"]
[Opening "Two knights defense (Modern bishop's opening)"]
[ECO "C55"]
[NIC "IG.01"]
[Time "14:51:21"]
[TimeControl "300+3"]

1. e4 e5 2. Nf3 Nc6 3. Bc4 Nf6 4. d3 d6 5. Bg5 Be7 6. h3 Bd7 7. Nc3 O-O 8.
Qd2 Na5 9. Bb3 Nxb3 10. axb3 c6 11. Nh4 Qb6 12. Nf5 Bd8 13. Nxd6 Rb8 14. O-O
Bc7 15. Nc4 Qc5 16. Bxf6 gxf6 17. Kh1 Qd6 18. Rxa7 Qc5 19. Raa1 Bd8 20. f4
f5 21. Nxe5 fxe4 22. Nxd7 Ra8 23. Nxc5 Rxa1 24. Rxa1 Bh4 25. f5 b6 26. Ra6
bxc5 27. Rxc6 c4 28. Qh6 Re8 29. dxe4 cxb3 30. f6 Bg3 31. Qg7#
{Black checkmated}
1-0

[Event "EDAMI"]
[Site "Internet Chess Club"]
[Date "2020.03.21"]
[Round "7"]
[White "David2020"]
[Black "Danielosky"]
[Result "1-0"]
[ICCResult "Black checkmated"]
[WhiteElo "1274"]
[BlackElo "1063"]
[Opening "QP counter-gambit (elephant gambit)"]
[ECO "C40"]
[NIC "KP.10"]
[Time "14:50:45"]
[TimeControl "300+3"]

1. e4 e5 2. Nf3 d5 3. exd5 Qxd5 4. Nc3 Qd8 5. Be2 Nc6 6. O-O Bg4 7. d3 Qe7
8. Re1 O-O-O 9. Bg5 f6 10. Bh4 g5 11. Bg3 f5 12. h3 e4 13. hxg4 fxg4 14.
Nxg5 Qxg5 15. Bxg4+ Kb8 16. Nxe4 Bc5 17. Nxg5 Nf6 18. Nf7 Nxg4 19. Qxg4 Rhg8
20. Qh4 Rdf8 21. Nh6 Nb4 22. Nxg8 Rxg8 23. d4 Nxc2 24. dxc5 Nxe1 25. Rxe1 a6
26. Qxh7 Rc8 27. Qf7 Ka7 28. Bxc7 a5 29. Bb6+ Ka6 30. Re6 Kb5 31. Qxb7 Rd8
32. Bxd8+ Kxc5 33. Qb6+ Kd5 34. Rh6 Ke5 35. Qxa5+ Kf4 36. Bc7+ Ke4 37. Rh4+
Kd3 38. Qa3+ Kc2 39. Qc3+ Kb1 40. Re4 Kxa2 41. Qa3+ Kb1 42. Re1+ Kc2 43.
Qc3# {Black checkmated} 1-0

[Event "EDAMI"]
[Site "Internet Chess Club"]
[Date "2020.03.21"]
[Round "7"]
[White "LucasCh"]
[Black "Eodun2"]
[Result "0-1"]
[ICCResult "White checkmated"]
[WhiteElo "1164"]
[BlackElo "1278"]
[Opening "Réti v Dutch"]
[ECO "A04"]
[NIC "QP.11"]
[Time "14:50:53"]
[TimeControl "300+3"]

1. Nf3 f5 2. c3 Nc6 3. Qb3 Nf6 4. Ng5 d5 5. c4 e6 6. cxd5 exd5 7. Ne6 Bxe6
8. Nc3 Bb4 9. a3 Qe7 10. axb4 Nxb4 11. d4 O-O-O 12. Ra4 Nc6 13. f4 Nxd4 14.
Rxd4 Nh5 15. e4 dxe4 16. Rxd8+ Rxd8 17. Qb4 Qh4+ 18. g3 Nxg3 19. hxg3 Qxh1
20. Ne2 h6 21. Qe7 b6 22. Qxe6+ Kb7 23. Qe7 Rd3 24. Kf2 Qf3+ 25. Ke1 g5 26.
Ng1 Rd1# {White checkmated} 0-1

[Event "EDAMI"]
[Site "Internet Chess Club"]
[Date "2020.03.21"]
[Round "7"]
[White "xabi"]
[Black "Umbra"]
[Result "0-1"]
[ICCResult "White checkmated"]
[WhiteElo "1328"]
[BlackElo "1501"]
[Opening "Philidor's defense"]
[ECO "C41"]
[NIC "KP.10"]
[Time "14:50:43"]
[TimeControl "300+3"]

1. e4 e5 2. Nf3 d6 3. Nc3 Be7 4. Bc4 Nf6 5. O-O O-O 6. d4 exd4 7. Nxd4 Nc6
8. Nxc6 bxc6 9. Re1 h6 10. e5 Nh7 11. exd6 cxd6 12. Ne4 d5 13. Bd3 dxe4 14.
Bxe4 Qb6 15. Qd3 Nf6 16. Qg3 Kh8 17. Re3 Nxe4 18. Rxe4 Bf6 19. b3 Bxa1 20.
Be3 c5 21. Rh4 Bf5 22. Qf4 Bh7 23. a3 Rad8 24. Qg4 Qd6 25. b4 Qd1+ 26. Qxd1
Rxd1# {White checkmated} 0-1